 Dungeon Crawl Stone Soup version 0.21.1-1-g345015f (webtiles) character file.

235 Fang the Chopper (level 6, -14/39 HPs)
             Began as a Gargoyle Berserker on May 9, 2018.
             Was a Priest of Trog.
             Engulfed by a cloud of flame (21 damage)
             ... on level 4 of the Dungeon.
             The game lasted 00:06:43 (3473 turns).

Fang the Chopper (Gargoyle Berserker)               Turns: 3473, Time: 00:06:44

Health: -14/39     AC:  7    Str: 23    XL:     6   Next: 5%
Magic:  6/6        EV: 12    Int:  7    God:    Trog [***...]
Gold:   108        SH:  0    Dex:  9    Spells: 5/5 levels left

rFire    . . .     SeeInvis .   a - +0 hand axe
rCold    x . .     Gourm    .   (no shield)
rNeg     + + +     Faith    .   b - +1 animal skin
rPois    ∞         Spirit   .   (no helmet)
rElec    +         Reflect  .   (no cloak)
rCorr    .         Harm     .   (no gloves)
MR       .....                  (no boots)
Stlth    ++........             (no amulet)
HPRegen  0.13/turn              r - ring "Saemol" {+Fly rC- rN+ Stlth+}
MPRegen  0.10/turn              o - ring of positive energy

@: no status effects
A: negative energy resistance 1, electricity resistance, unbreathing,
petrification resistance, rot immunity, AC +4
a: Berserk, Trog's Hand, Burn Spellbooks, Renounce Religion, Evoke Flight


You were on level 4 of the Dungeon.
You worshipped Trog.
Trog was most pleased with you.
You were not hungry.

You visited 1 branch of the dungeon, and saw 4 of its levels.

You collected 108 gold pieces.

Inventory:

Hand Weapons
 a - a +0 hand axe (weapon)
Armour
 b - a +1 animal skin (worn)
Jewellery
 o - a ring of positive energy (right hand)
 r - the ring "Saemol" (left hand) {+Fly rC- rN+ Stlth+}
   (You found it on level 4 of the Dungeon)

   [ring of flight]

   It makes you vulnerable to cold.
   It protects you from negative energy.
   It lets you fly.
   It makes you more stealthy.
Scrolls
 d - 3 scrolls of remove curse
 f - 2 scrolls of teleportation
 g - 2 scrolls of identify
 j - a scroll of fear
Potions
 k - 2 potions of curing
 m - a potion of flight
 n - a potion of mutation
 p - 2 potions of agility
Comestibles
 c - 11 rations


   Skills:
 + Level 4.5 Fighting
 + Level 4.8 Axes
 + Level 2.3 Armour
 + Level 2.3 Dodging
 + Level 1.0 Stealth


You had 5 spell levels left.
You didn't know any spells.

Dungeon Overview and Level Annotations

Branches:
Dungeon (4/15)             Temple (0/1) D:4

Altars:
Okawaru
Trog


Innate Abilities, Weirdness & Mutations

You are resistant to torment.
Your stone body is resilient. (AC +4)
You are immune to poison.
You resist negative energy. (rN+)
You are resistant to electric shocks. (rElec)
You can survive without breathing.
You are immune to petrification.
You are immune to rotting.


Message History

You slash the worker ant!
The worker ant is severely wounded.
The worker ant bites you but does no damage.
You barely miss the worker ant.
The worker ant is severely wounded.
The worker ant closely misses you.
You slash the worker ant!
The worker ant explodes!
The fiery explosion engulfs you!
Ouch! That really hurt!
* * * LOW HITPOINT WARNING * * *
Trog accepts your kill.
Your Stealth skill increases to level 1!
You have reached level 6!
Your experience leads to an increase in your attributes!
Increase (S)trength, (I)ntelligence, or (D)exterity?
You feel stronger.
You are engulfed in blazing flames.
Ouch! That really hurt!
You die...

*,*,*,* *.#.......#..#
###.###
**,,*,****..).._.?....#
#<#
**,,,,,,,.#.......#..#
#.# *
**,*******,#.......#..#
#.# * *,****
*,##.....##..# #.# *
,,,,,* *.####.####..#
#.# * ****,*
*...........## #.# *
*,* **#.##.#.#### #.#**
** *,* #..§§@)# #..,,
,* *,******####§###*
***,, ,* *,,,,,,,,*
#.,,,* ***,* ,*
********,* ##**,* *,,,*
** *,* *,* ***,*,* *
*,* *,* *,,,,,, * *,*
*,* *****,,,,,* * *,*
*,* *,,,,,,,,,, *
****,*
**,****,***,,,,,*


There were no monsters in sight!

Vanquished Creatures
  An orc priest (D:3)
  2 orc wizards (D:3)
  A worker ant (D:4)
  2 adders
  2 oozes (D:2)
  A worm (D:2)
  5 leopard geckos
  4 orcs (D:3)
  4 giant cockroaches
  4 goblins
  12 hobgoblins
  8 jackals
  7 kobolds
  3 quokkas
  11 bats
  11 frilled lizards
  8 rats
86 creatures vanquished.

Notes
Turn   | Place    | Note
-------+----------+-------------------------------------------
     0 | D:1      | Fang the Gargoyle Berserker began the quest for the Orb.
     0 | D:1      | Reached XP level 1. HP: 14/14 MP: 1/1
   253 | D:1      | Reached XP level 2. HP: 19/19 MP: 2/2
   991 | D:1      | Reached XP level 3. HP: 20/24 MP: 3/3
  1525 | D:2      | Reached ** piety under Trog
  1579 | D:2      | Found an iron altar of Okawaru.
  1878 | D:2      | Reached XP level 4. HP: 29/29 MP: 4/4
  2679 | D:3      | Reached XP level 5. HP: 18/33 MP: 5/5
  3062 | D:3      | Reached *** piety under Trog
  3332 | D:4      | Got a glittering marble ring
  3442 | D:4      | Identified the ring "Saemol" {+Fly rC- rN+ Stlth+} (You found it on level 4 of the Dungeon)
  3446 | D:4      | Found a bloodstained altar of Trog.
  3473 | D:4      | Reached skill level 1 in Stealth
  3473 | D:4      | Reached XP level 6. HP: 7/39 MP: 6/6
  3473 | D:4      | Engulfed by a cloud of flame

Skill      XL: |  1  2  3  4  5 |
---------------+----------------+-----
Axes           | 3 4 |  4.8
Fighting       | 4 |  4.5
Dodging        | 2 |  2.3
Stealth        | 1 |  1.0
Armour         | |  2.3

Action                   |  1- 3 |  4- 6 || total
-------------------------+-------+-------++-------
Melee: Hand axe          |   122 |   143 ||   265
Invok: Berserk           |     2 |     1 ||     3
  Use: Scroll            |       |    11 ||    11
  Eat: Chunk             |     5 |     6 ||    11
Armor: Animal skin       |    54 |    57 ||   111
Dodge: Dodged            |    91 |   106 ||   197
